 Dungeon Crawl Stone Soup version 0.29-a0-541-gaf1fc19f1b (console) character file.

Game seed: 2192720439677690777

56 om the Insei (level 3, -2/23 HPs)
             Began as an Octopode Transmuter on June 2, 2022.
             Slain by a gnoll
             ... wielding a +0 spear
              (6 damage)
             ... on level 2 of the Dungeon.
             The game lasted 00:02:21 (2272 turns).

om the Insei (Octopode Transmuter)                  Turns: 2272, Time: 00:02:21

Health: -2/23      AC:  1    Str: 11    XL:     3   Next: 95%
Magic:  3/6        EV: 13    Int: 15    God:
Gold:   132        SH:  0    Dex: 12    Spells: 0/6 levels left

rFire   . . .      SeeInvis +     - Unarmed
rCold   . . .      Faith    .   (no shield)
rNeg    . . .      Spirit   .   (helmet currently unavailable)
rPois   .          Reflect  .   (no amulet)
rElec   .          Harm     .   b - ring of see invisible
rCorr   .          Rampage  .   (no ring)
Will    .....                   (no ring)
Stlth   +++.......              (no ring)
HPRegen 0.07/turn               (no ring)
MPRegen 0.10/turn               (no ring)
                                (no ring)
                                (no ring)

@: appendages, wereblooded
A: tentacle spike 3, almost no armour, amphibious, 8 rings, camouflage 1,
gelatinous body 1, (nimble swimmer 1), tentacles
a: End Transformation


You were on level 2 of the Dungeon.
One of your tentacles had grown a beastly spike.
You visited 1 branch of the dungeon, and saw 2 of its levels.

You collected 132 gold pieces.

Inventory:

Missiles
 c - 2 throwing nets
Jewellery
 b - a ring of see invisible (left tentacle)
 d - a ring of ice
Potions
 a - a potion of lignification
 e - a potion of curing
 f - a potion of resistance


   Skills:
 + Level 1.0 Fighting
 + Level 2.3 Dodging
 + Level 1.1 Stealth
 * Level 3.8 Unarmed Combat
 + Level 2.2 Spellcasting
 * Level 2.6 Transmutations


You couldn't memorise any spells.
You knew the following spells:

 Your Spells              Type           Power      Damage    Failure   Level
a - Beastly Appendage     Tmut           18%        N/A       8%          1
b - Wereblood             Tmut           9%         N/A       11%         2
c - Spider Form           Tmut/Pois      5%         N/A       36%         3

Your spell library contained the following spells:

 Spells                   Type           Power      Damage    Failure   Level
 Ice Form                 Ice/Tmut       5%         N/A       77%         4
 Anguish                  Hex/Necr       0%         N/A       91%         4
 Enfeeble                 Hex            0%         N/A       100%        7


Dungeon Overview and Level Annotations

Branches:
Dungeon (2/15)

Altars:


Innate Abilities, Weirdness & Mutations

One of your tentacles has grown a beastly spike.
You cannot wear most types of armour.
You are amphibious.
You can wear up to eight rings at the same time.
Your skin changes colour to match your surroundings (Stealth+).
Your rubbery body absorbs attacks. (AC +1, EV +1)
((You are camouflaged when in or above water. (Stealth+)))
You have tentacles for arms and can constrict up to eight enemies at once.


Message History

You tentacle-slap the worm.
The worm is severely wounded.
You constrict the worm, but do no damage.
You tentacle-slap the worm but do no damage.
The worm is severely wounded.
You constrict the worm. The worm bites you.
You tentacle-slap the worm.
You kill the worm!
You start resting.
HP restored.
You start waiting.
Done waiting.
There is an open door here.
There is a shaft here.
You now have 132 gold pieces (gained 16).
Found a stone staircase leading up.
There is a shaft here.
There is an open door here.
You open the door. 2 gnolls come into view.
The gnoll barely misses you.
Casting: Beastly Appendage (safe; 8% risk of failure)
Confirm with . or Enter, or press ? or * to list all spells.
Your blood is infused with primal strength.
Casting: Beastly Appendage (safe; 8% risk of failure)
Press: ? - help, Q - select action, (/) - cycle Dir - look around, f - activate One of your tentacles grows a vicious spike.
The gnoll barely misses you. The gnoll hits you with a +0 spear.
You tentacle-slap the gnoll. Your grab misses the gnoll.
The gnoll is moderately wounded.
The gnoll hits you from afar with a +0 spear.
The gnoll hits you with a +0 spear.
You tentacle-slap the gnoll. Your grab misses the gnoll.
You pierce the gnoll.
You feel a bit better.
You kill the gnoll!
The gnoll hits you from afar with a +0 spear!
* * * LOW HITPOINT WARNING * * *
2 gnolls come into view.
The gnoll hits you with a +0 spear.
You die...

#.........,,,,,,,* *,*
#..#######******** *,* #..# *,*
#..# *,, #..# ***+ ##..#####
*##### *,,, #.......#
*g...#***** *,,,
#.......#######....#*,,,****,,,
#.............@g...++,,,+,,,,,,
##..#'#########....#*,,,***,,,,
#..#.# *g...#***** *,,,, #..#.#
*....# *,,,, #..#.# *#####
*,,,, #..#.# *,,,, #..#.# *****
####.######### #.........#


You could see 3 gnolls.

Vanquished Creatures
  2 gnolls
  A worm (D:2)
  An endoplasm (D:1)
  3 giant cockroaches (D:1)
  3 goblins (D:1)
  3 hobgoblins
  5 jackals
  2 quokkas
  3 ball pythons
  5 bats
  A frilled lizard (D:1)
  3 kobolds
32 creatures vanquished.

Notes
Turn   | Place    | Note
-------+----------+-------------------------------------------
     0 | D:1      | om the Octopode Transmuter began the quest for the Orb.
     0 | D:1      | Reached XP level 1. HP: 13/13 MP: 3/3
   491 | D:1      | Reached XP level 2. HP: 14/18 MP: 5/5
   571 | D:1      | Learned a level 2 spell: Wereblood
   930 | D:1      | Reached XP level 3. HP: 8/23 MP: 2/6
  1137 | D:1      | Learned a level 3 spell: Spider Form
  1461 | D:2      | Found a faded altar of an unknown god.
  1807 | D:2      | Reached skill level 1 in Stealth
  2272 | D:2      | Slain by a gnoll

Illustrated notes

Levels and vault maps discovered:
D:1:      dpeg_arrival_renting, layout_basic
D:2:      minmay_diamond_boxcup, layout_basic,
          shapermc_ecumenical_altar_starsandcircs

Skill      XL: |  1  2  3 |
---------------+----------+-----
Stealth        | 1 |  1.1
Fighting       | |  1.0
Dodging        | |  2.3
Unarmed Combat | |  3.8
Spellcasting   | |  2.2
Transmutations | |  2.6

Action                   || total
-------------------------++-------
Melee: Unarmed           ||    71
       Constrict         ||    18
       Kick              ||    16
       Tentacles         ||     9
       Punch             ||     2
 Cast: Beastly Appendage ||    21
       Wereblood         ||     2
  Use: Scroll            ||     6
 Stab: Sleeping          ||     3
Armor: Skin              ||     5
Dodge: Dodged            ||    44

Table legend: (Time is in decaauts)
 A = Elapsed time spent in this place.
 B = Non-inter-level travel time spent in this place.
 C = Inter-level travel time spent in this place.
 D = Time resting spent in this place.
 E = Time spent auto-exploring this place.
 F = Levels seen in this place.
 G = Mean time per level.
                   A        B        C        D        E       F      G
               +--------+--------+--------+--------+--------+-----+--------+
         Total |   2266 |   2240 |     26 |    554 |   1410 |   2 | 1133.0 |
       Dungeon |   2266 |   2240 |     26 |    554 |   1410 |   2 | 1133.0 |
               +--------+--------+--------+--------+--------+-----+--------+

Top non-repeatable levels by time:
     D:1: 1361 daAuts
     D:2: 904 daAuts
